 Dungeon Crawl Stone Soup version 0.26-a0-540-g8a0c9464d7 (webtiles) character file.

Game seed: 4258645021509872541

2 vurker the Sneak (level 1, -1/18 HPs)
             Began as a Formicid Delver on Aug 24, 2020.
             Slain by a hobgoblin
             ... wielding a +0 club
              (2 damage)
             ... on level 2 of the Dungeon.
             The game lasted 00:00:31 (62 turns).

vurker the Sneak (Formicid Delver)                    Turns: 62, Time: 00:00:32

Health: -1/18      AC:  3    Str: 16    XL:     1   Next: 44%
Magic:  1/1        EV: 12    Int:  9    God:
Gold:   0          SH:  0    Dex: 12    Spells: 0/0 levels left

rFire    . . .     SeeInvis +   a - +0 hand axe
rCold    . . .     Faith    .   (no shield)
rNeg     . . .     Spirit   .   b - +0 leather armour
rPois    .         Reflect  .   (helmet unavailable)
rElec    .         Harm     .   (no cloak)
rCorr    .                      (no gloves)
MR       .....                  (no boots)
Stlth    +++.......             (no amulet)
HPRegen  0.06/turn              (no ring)
MPRegen  0.07/turn              (no ring)

@: no status effects
A: permanent stasis, dig shafts and tunnels, four strong arms, antennae 3
a: Dig, Shaft Self


You were on level 2 of the Dungeon.
You visited 1 branch of the dungeon, and saw 4 of its levels.

Inventory:

Hand Weapons
 a - a +0 hand axe (weapon)
Armour
 b - a +0 leather armour (worn)
Wands
 v - a wand of digging (3)
Scrolls
 c - a scroll of fog
 d - a scroll of magic mapping
 e - a scroll of fear
Potions
 f - a potion of might {unknown}


   Skills:
 + Level 3.3 Fighting
 * Level 2.1 Axes
 - Level 1.7 Dodging
 - Level 6.0 Stealth


You couldn't memorise any spells.
You didn't know any spells.
Your spell library was empty.

Dungeon Overview and Level Annotations

Branches:
Dungeon (5/15)
 Temple: D:4-7

Altars:

Annotations:
D:3 1 runed translucent door, kae's ghost, amateur DrTm
D:5 1 transporter


Innate Abilities, Weirdness & Mutations

You cannot be hasted, slowed, berserked, paralysed or teleported.
You can dig through walls and to a lower floor.
Your four strong arms can wield two-handed weapons with a shield.
You have a pair of large antennae on your head. (SInv)


Message History

Found a scroll labeled BOCAECS ASUNE.
No target in view!
No target in view!
Found 13 gold pieces.
There is a stone staircase leading up here.
You climb upwards.
A quokka and a kobold come into view.
The kobold is wielding a +2 dagger of speed.
Found a stone staircase leading down and a stone staircase leading up.
There is a stone staircase leading down here.
There are monsters nearby!
There are monsters nearby!
Found 27 gold pieces.
Found an escape hatch in the floor.
The helpless quokka fails to defend itself.
You hit the quokka but do no damage.
The quokka twitches its whiskers.
The quokka bites you. The quokka closely misses you.
You miss the quokka. The quokka barely misses you.
You barely miss the quokka.
The kobold shouts!
The quokka closely misses you. The quokka completely misses you.
You hit the quokka. The quokka bites you.
You hit the quokka.
You kill the quokka!
The kobold closely misses you.
You hit the kobold. The kobold closely misses you.
You closely miss the kobold.
The kobold hits you with a +2 dagger of speed.
* * * LOW HITPOINT WARNING * * *
A hobgoblin comes into view. It is wielding a +0 club.
The kobold barely misses you.
You hit the kobold but do no damage. The kobold closely misses you.
You closely miss the kobold. The kobold hits you but does no damage.
The kobold hits you with a +2 dagger of speed.
* * * LOW HITPOINT WARNING * * *
You barely miss the kobold.
The kobold hits you with a +2 dagger of speed.
* * * LOW HITPOINT WARNING * * *
Unknown command.
You hit the kobold.
You kill the kobold!
You see here a +2 dagger of speed.
The hobgoblin hits you but does no damage.
You hit the hobgoblin.
The hobgoblin hits you but does no damage.
You closely miss the hobgoblin. The hobgoblin hits you with a +0 club.
* * * LOW HITPOINT WARNING * * *
You hit the hobgoblin but do no damage. The hobgoblin barely misses you.
You barely miss the hobgoblin. The hobgoblin hits you with a +0 club.
You die...

..#.### #.#...###
#.......##. #
###.......#..
..###...........#.
..................
.......<.........#
#.@..........
>..###g)..........
..............#
..........>#.....
...>##.##### .##.
.#.. #. # #. #. #
#. .$


You could see a hobgoblin.

Vanquished Creatures
  A kobold (D:2)
  A quokka (D:2)
2 creatures vanquished.

Notes
Turn   | Place    | Note
-------+----------+-------------------------------------------
     0 | D:5      | vurker the Formicid Delver began the quest for the Orb.
     0 | D:5      | Reached XP level 1. HP: 18/18 MP: 1/1
     6 | D:5      | Found a transporter.
    35 | D:3      | Found a runed translucent door.
    40 | D:3      | Noticed kae's ghost (amateur DrTm)
    62 | D:2      | Slain by a hobgoblin

Illustrated notes

Levels and vault maps discovered:
D:2:      layout_loops_ring, chequers_serial_rivers_micro_a
D:3:      layout_loops_ring, ebering_ghost_reflecting_pool
D:4:      layout_rooms, fedhas_altar_3, temple_hall, okawaru_altar_gauntlet_db
D:5:      layout_loops_ring, gammafunk_temple_of_torment, gammafunk_ghost_icy,
          cheibrodos_sewer_entry_sluice, small_statue_intersection

Action                   || total
-------------------------++-------
Melee: Hand axe          ||    15
 Stab: Sleeping          ||     1
Armor: Leather armour    ||     2
Dodge: Dodged            ||     9

Table legend: (Time is in decaauts)
 A = Elapsed time spent in this place.
 B = Non-inter-level travel time spent in this place.
 C = Inter-level travel time spent in this place.
 D = Time resting spent in this place.
 E = Time spent auto-exploring this place.
 F = Levels seen in this place.
 G = Mean time per level.
                   A        B        C        D        E       F      G
               +--------+--------+--------+--------+--------+-----+--------+
         Total |     64 |     64 |      0 |      0 |     19 |   4 |   16.0 |
       Dungeon |     64 |     64 |      0 |      0 |     19 |   4 |   16.0 |
               +--------+--------+--------+--------+--------+-----+--------+

Top non-repeatable levels by time:
     D:2: 22 daAuts
     D:5: 20 daAuts
     D:4: 11 daAuts
     D:3: 9 daAuts
